 Dungeon Crawl Stone Soup version 0.18.1-6-gd335043 (webtiles) character file.

27 epen the Skirmisher (level 2, 0/24 HPs)
             Began as a Demonspawn Abyssal Knight on May 19, 2016.
             Was a Believer of Lugonu.
             Slain by a giant newt (2 damage)
             ... on level 1 of the Dungeon.
             The game lasted 00:01:01 (664 turns).

epen the Skirmisher (Demonspawn Abyssal Knight)      Turns: 664, Time: 00:01:02

Health: 0/24       AC:  3    Str: 12    XL:     2   Next: 93%
Magic:  4/4        EV: 13    Int: 13    God:    Lugonu [**....]
Gold:   67         SH:  0    Dex: 12    Spells: 0 memorised, 1 level left

rFire  . . .     SeeInvis .     a - +1 falchion
rCold  . . .     Gourm    .     b - +0 leather armour
rNeg   . . .     Faith    .     (no shield)
rPois  .         Spirit   .     (no helmet)
rElec  .         Dismiss  .     (no cloak)
rCorr  .         Reflect  .     (no gloves)
SustAt .         Harm     .     (no boots)
MR     .....                    (no amulet)
Stlth  +.........               (no ring)
                                (no ring)

@: not resistant to hostile enchantments, very unstealthy
A: repulsion field 1
a: Depart the Abyss, Bend Space, Renounce Religion


You were on level 1 of the Dungeon.
You worshipped Lugonu.
Lugonu was pleased with you.
You were not hungry.

You visited 1 branch of the dungeon, and saw 2 of its levels.
You visited the Abyss 1 time.

You collected 67 gold pieces.

Inventory:

Hand Weapons
 a - a +1 falchion (weapon)
Armour
 b - a +0 leather armour (worn)
Jewellery
 k - an uncursed ring of resist corrosion {unknown}
Scrolls
 f - a scroll of immolation {unknown}
 g - a scroll of blinking {unknown}
 h - 5 scrolls of identify {unknown}
 j - a scroll of remove curse {unknown}
Potions
 d - a potion of might {unknown}
 e - a potion of haste {unknown}
 i - a potion of degeneration {unknown}
 l - a potion of mutation {unknown}
 m - a potion of curing {unknown}
Comestibles
 c - a bread ration


   Skills:
 + Level 3.0 Fighting
 * Level 2.2 Long Blades
 + Level 2.1 Armour
 + Level 1.3 Dodging
 * Level 3.0 Invocations


You had one spell level left.
You didn't know any spells.

Dungeon Overview and Level Annotations

Branches:
Dungeon (2/15)

Altars:


Innate Abilities, Weirdness & Mutations

You are surrounded by a mild repulsion field (EV +2).


Message History

The quokka misses you. The giant newt completely misses you.
You closely miss the quokka.
The quokka is heavily wounded.
The quokka bites you.
* * * LOW HITPOINT WARNING * * *
The rat bites you but does no damage. The giant newt closely misses you. x2
Unknown command.
You are too injured to fight recklessly!
You are too injured to fight recklessly!
The quokka barely misses you. The rat bites you.
* * * LOW HITPOINT WARNING * * *
The giant newt bites you.
* * * LOW HITPOINT WARNING * * *
The giant newt barely misses you. The quokka bites you.
* * * LOW HITPOINT WARNING * * *
You climb upwards.
There is a stone staircase leading down here.
You closely miss the giant newt. The giant newt barely misses you. x2
You miss the giant newt. The giant newt bites you.
You die...

#####
#.##..#####.###
†...# #.###.##
#.# ###.# #.#
#..# #.# #.#
#.# ##.# #.#
#.# #.# #.# #.#
#.# #)# #.# #.#
#.# #.# #r# #.#
#.#######.# #l#
#.# #.........#
#@# #.#
###########
#l####.#
#r.....#
#..#####
#######
#####..#
......#
#...)..#
#####.#
#.####.# #.#
#(# #.# #.# #.#
#.#


You could see a quokka, 2 giant newts and a rat.

Vanquished Creatures
  An ooze (D:1)
  2 dart slugs (D:1)
  A giant gecko (D:1)
  A giant cockroach (D:1)
  4 goblins (D:1)
  2 hobgoblins (D:1)
  A ball python (D:1)
  2 bats (D:1)
  A giant newt (D:1)
  2 kobolds (D:1)
  A rat (D:1)
18 creatures vanquished.

Notes
Turn   | Place    | Note
--------------------------------------------------------------
     0 | Abyss:1  | epen the Demonspawn Abyssal Knight began the quest for the Orb.
     0 | Abyss:1  | Reached XP level 1. HP: 18/18 MP: 2/2
     9 | D:1      | Escaped the Abyss
    16 | D:1      | Reached skill level 1 in Dodging
    95 | D:1      | Gained mutation: You are surrounded by a mild repulsion field (EV +2). [demonic ancestry]
    95 | D:1      | Reached XP level 2. HP: 21/24 MP: 4/4
   435 | D:1      | Reached ** piety under Lugonu
   664 | D:1      | Slain by a giant newt

Skill      XL: |  1  2 |
---------------+-------+-----
Dodging        | 1 |  1.3
Long Blades    | 2 |  2.2
Armour         | 2 |  2.1
Invocations    | 3 |  3.0
Fighting       | |  3.0

Action                   || total
-------------------------++-------
Melee: Falchion          ||    65
Armor: Leather armour    ||    15
Dodge: Dodged            ||    52
